 Dungeon Crawl Stone Soup version 0.20-a0-548-g4f8a798 (webtiles) character file.

179259 wazuzu the Warrior (level 17, -1/158 HPs)
             Began as a Minotaur Gladiator on Feb 1, 2017.
             Was the Champion of Ashenzari.
             Slain by a mana viper (5 damage)
             ... on level 1 of the Snake Pit.
             The game lasted 02:02:05 (32195 turns).

wazuzu the Warrior (Minotaur Gladiator)            Turns: 32195, Time: 02:02:06

Health: -1/158     AC: 24    Str: 24    XL:     17   Next: 60%
Magic:  1/23       EV: 17    Int:  7    God:    Ashenzari [******]
Gold:   3527       SH:  0    Dex: 18    Spells: 1/16 levels left

rFire    . . .     SeeInvis +   a - +1 quarterstaff (venom)
rCold    + + .     Gourm    .   O - +2 chain mail {rN+}
rNeg     + . .     Faith    .   (shield currently unavailable)
rPois    +         Spirit   .   (helmet unavailable)
rElec    +         Reflect  .   v - +0 cloak {rPois}
rCorr    .         Harm     .   b - +0 pair of gloves
MR       +++..     Clarity  +   g - +0 pair of boots
Stlth    ..........             V - amulet of Temptation {RegenMP rF+}
Regen    0.4/turn               N - ring "Musteydweo" {rElec rPois rF- MR+} (curse)
                                B - ring of Nikh {rC++ Dex+4 Stlth+} (curse)

@: constricted
A: retaliatory headbutt, horns 3, molten scales 1, thin metallic scales 1,
clarity, clever 1, magic resistance 1, sense surroundings 2, sturdy frame 1
a: End Transfer Knowledge, Curse Item, Scrying, Transfer Knowledge, Renounce
Religion


You were on level 1 of the Snake Pit.
You worshipped Ashenzari.
Ashenzari was exalted by your worship.
You were not hungry.

You visited 6 branches of the dungeon, and saw 28 of its levels.
You also visited: Labyrinth, Sewer and Ice Cave.

You collected 3893 gold pieces.
You spent 366 gold pieces at shops.

Inventory:

Hand Weapons
 a - a +1 quarterstaff of venom (weapon)
 c - a +0 bardiche of protection
Missiles
 d - 10 throwing nets (quivered)
Armour
 b - a +0 pair of gloves (worn)
 g - a +0 pair of boots (worn)
 q - a +1 cloak
 v - a +0 cloak of poison resistance (worn)
 O - a +2 chain mail of positive energy (worn)
Jewellery
 p - an uncursed ring of flight
 s - an uncursed ring of stealth
 w - a +5 amulet of reflection
 y - an uncursed amulet of regeneration
 B - the cursed ring of Nikh (left hand) {rC++ Dex+4 Stlth+}
   (You found it on level 8 of the Dungeon)

   [ring of dexterity]

   It affects your dexterity (+4).
   It greatly protects you from cold.
   It makes you more stealthy.
   It has a curse placed upon it.
 N - the cursed ring "Musteydweo" (right hand) {rElec rPois rF- MR+}
   (You found it on level 6 of the Lair of Beasts)

   [ring of protection from magic]

   It makes you vulnerable to fire.
   It insulates you from electricity.
   It protects you from poison.
   It affects your resistance to hostile enchantments.
   It has a curse placed upon it.
 V - the amulet of Temptation (around neck) {RegenMP rF+}
   (You took it off a vampire mage on level 1 of the Elven Halls)

   [amulet of magic regeneration]

   It increases your magic regeneration.
   It protects you from fire.
Wands
 e - a wand of disintegration (4/24)
 h - a wand of digging (8/24)
 P - a wand of confusion (28/48)
 Y - a wand of scattershot (1/9)
Scrolls
 m - 6 scrolls of remove curse
 A - 9 scrolls of identify
 C - 5 scrolls of enchant armour
 E - a scroll of fog
 F - 3 scrolls of recharging
 G - 7 scrolls of blinking
 H - 4 scrolls of magic mapping
 I - 2 scrolls of summoning
 J - 3 scrolls of teleportation
 L - 2 scrolls of amnesia
 Q - 4 scrolls of enchant weapon
 T - 4 scrolls of fear
Potions
 k - 5 potions of flight
 n - a potion of cure mutation
 o - 8 potions of curing
 r - a potion of resistance
 z - 2 potions of invisibility
 M - 3 potions of cancellation
 Z - 3 potions of haste
Books
 u - Sif Muna's Grimoire of Summoning
   (You found it on level 1 of the Elven Halls)

   Spells                             Type                      Level
   a - Summon Small Mammal            Summoning                    1
   b - Summon Ice Beast               Ice/Summoning                4
   c - Dragon's Call                  Summoning                    9
 x - a book of Maledictions

   Spells                             Type                      Level
   a - Corona                         Hexes                        1
   b - Ensorcelled Hibernation        Hexes/Ice                    2
   c - Confuse                        Hexes                        3
   d - Tukima's Dance                 Hexes                        3
   e - Dazzling Spray                 Conjuration/Hexes            3
 D - a book of Party Tricks

   Spells                             Type                      Level
   a - Summon Butterflies             Summoning                    1
   b - Apportation                    Translocation                1
   c - Lesser Beckoning               Translocation                3
   d - Tukima's Dance                 Hexes                        3
   e - Alistair's Intoxication        Transmutation/Poison         5
   f - Invisibility                   Hexes                        6
 S - a book of Power

   Spells                             Type                      Level
   a - Fulminant Prism                Conjuration/Hexes            4
   b - Iskenderun's Mystic Blast      Conjuration                  4
   c - Venom Bolt                     Conjuration/Poison           5
   d - Bolt of Magma                  Conjuration/Fire/Earth       5
   e - Iron Shot                      Conjuration/Earth            6
   f - Orb of Destruction             Conjuration                  7
   g - Spellforged Servitor           Conjuration/Summoning        7
Miscellaneous
 l - a lamp of fire
 K - 2 phantom mirrors
 U - a phial of floods
 W - a box of beasts
Comestibles
 f - 12 bread rations
 i - 25 fruits
 j - 17 meat rations
 t - 27 royal jellies
 R - 2 chunks of flesh


   Skills:
 - Level 16.2 Fighting
 + Level 9.9(12.2) Polearms
 - Level 11.7(13.1) Staves
 - Level 2.0 Throwing
 - Level 15.9 Armour
 - Level 15.4 Dodging
 - Level 5.2(8.2) Hexes
 - Level 5.0(8.0) Charms
 - Level 3.8(6.6) Necromancy
 - Level 4.1(6.9) Translocations
 - Level 5.0(8.0) Air Magic
 - Level 10.0(12.8) Evocations


You had one spell level left.
You knew the following spells:

 Your Spells              Type           Power        Failure   Level  Hunger
a - Regeneration          Chrm/Necr      ##........   21%         3    ####...
b - Spectral Weapon       Hex/Chrm       ##......     14%         3    ####...
c - Repel Missiles        Chrm/Air       ##....       10%         2    ###....
d - Lesser Beckoning      Tloc           #.........   28%         3    ####...
e - Passage of Golubria   Tloc           N/A          85%         4    #####..


Dungeon Overview and Level Annotations

Branches:
Dungeon (15/15)            Temple (1/1) D:7            Lair (6/6) D:9
 Shoals (0/4) Lair:3        Snake (2/4) Lair:2        Slime (0/5) Lair:5
    Orc (2/2) D:9             Elf (2/3) Orc:2        Vaults (0/5) D:14
 Depths (0/5) D:15

Altars:
Ashenzari
Dithmenos
Elyvilon
Fedhas
Gozag
Hepliaklqana
Kikubaaqudgha
Makhleb
Nemelex Xobeh
Okawaru
Qazlal
Ru
Sif Muna
Trog
Uskayaw
Vehumet
Yredelemnul
Zin
The Shining One
Beogh
Lugonu

Shops:
D:14 *   Orc:1 (   Orc:2 [**[?!*

Portals:
Trove: D:12 (give 15 scrolls of teleportation)

Annotations:
Lair:5 exclusion: oklob plant
Elf:2 3 runed doors


Innate Abilities, Weirdness & Mutations

You reflexively headbutt those who attack you in melee.
You have a pair of large horns on your head.
You are partially covered in molten scales. (AC +2)
You are partially covered in thin metallic scales. (AC +2)
You possess an exceptional clarity of mind.
Your mind is acute. (Int +2)
You are resistant to hostile enchantments. (MR+)
You passively map the area around you.
Your movements are slightly less encumbered by armour. (ER -2)


Message History

The splash of poison hits you!
You are more poisoned.
You resist. The anaconda bites you.
* * * LOW HITPOINT WARNING * * *
x2 The anaconda constricts you.
You feel better.
The naga ritualist's toxic aura wanes.
The mana viper bites you but does no damage.
The mana viper bites you!
* * * LOW HITPOINT WARNING * * *
You feel your power leaking away.
The anaconda bites you but does no damage.
The anaconda constricts you. The naga ritualist closely misses you.
You furiously retaliate!
You headbutt the naga ritualist!
The mana viper bites you but does no damage. x2
You feel better. The anaconda misses you.
* * * LOW HITPOINT WARNING * * *
The anaconda constricts you. The anaconda bites you!
* * * LOW HITPOINT WARNING * * *
The anaconda constricts you. The mana viper bites you.
You die...

#.## ####.# #........# ..#
###....# #........# .##
#....#######....#### .#
#....# ##.....#..##
.#####....###.......#..#
.##.......##.........#.#
[#..##....##.........#.#
[..###....##...SSN)..#.##
..## #....##...S@....#..#
..# #....##.......(.##.#
############......)..##.#
).[.# #.........##.##
###(###### #.........##..#
.##.(....###.........###.#
.#######...#......)..###.#
.## ###...............#
..#### #####.....#######


You could see an anaconda, a naga ritualist and 2 mana vipers.

Vanquished Creatures
  2 nagarajas
  2 orc warlords (Orc:1)
  Louise (D:15)
  A frost giant (D:15)
  A deep elf demonologist (Elf:1)
  A stone giant (Orc:2)
  6 dire elephants (Lair:6)
  Nessos (D:14)
  A deep elf annihilator (Elf:2)
  Azrael (D:15)
  An ettin (Orc:2)
  2 green deaths (Snake:1)
  A minotaur (Lab)
  2 fire dragons (Lair:5)
  A mummy priest (Elf:1)
  2 slime creatures (D:13)
  Erolcha (D:9)
  Harold (Orc:1)
  6 naga warriors
  A rakshasa (D:11)
  4 hydras
  5 centaur warriors
  2 anacondas
  2 death knights
  A catoblepas (Lair:6)
  20 two-headed ogres
  2 vampire magi (Elf:1)
  2 death yaks
  4 ogre magi
  9 dancing weapons
  7 naga sharpshooters (Snake:1)
  4 orc high priests
  6 deep elf knights
  3 shock serpents
  Sonja (D:15)
  2 skeletal warriors (D:14)
  4 unseen horrors
  4 deep elf archers
  2 deep trolls (Orc:2)
  6 naga ritualists (Snake:1)
  A wolf spider zombie (D:14)
  5 orc knights
  A phantasmal warrior (D:14)
  32 deep elf magi
  5 mana vipers
  2 orc sorcerers (Orc:1)
  15 ugly things
  3 manticores
  5 cyclopes
  A cyclops (shapeshifter) (D:15)
  2 salamanders (Snake:2)
  6 naga magi
  6 elephants
  3 ice statues (IceCv)
  4 spiny frogs
  9 black mambas
  2 torpor snails
  Psyche (D:12)
  A guardian serpent (Snake:2)
  Joseph (D:9)
  2 gargoyles
  The ghost of psellion the Archer, a novice CeHu of Okawaru (D:5)
  12 rime drakes
  A yaktaur (D:15)
  6 centaur skeletons
  2 kobold demonologists (Elf:1)
  A merfolk (D:14)
  5 komodo dragons
  2 freezing wraiths (D:12)
  18 trolls
  A queen bee (Lair:1)
  A hornet (D:10)
  A polar bear (Lair:5)
  3 meliai (D:13)
  35 blink frogs
  A meliai zombie (D:12)
  11 hippogriffs
  3 air elementals
  4 water elementals
  2 shadows
  2 wyverns
  A vampire (D:10)
  5 fire elementals
  47 yaks
  4 wraiths
  A basilisk (Lair:2)
  A hungry ghost (D:15)
  Grum (D:9)
  6 steam dragons (Lair:5)
  6 wargs
  3 vampire mosquitoes (D:15)
  18 nagas
  A soldier ant (D:12)
  4 hell hounds (D:15)
  28 water moccasins
  42 orc warriors
  14 porcupines
  3 eyes of draining
  7 ice beasts
  3 sky beasts
  A black bear (D:7)
  A hornet zombie (D:15)
  2 phantoms
  17 centaurs
  2 boggarts (Elf:1)
  37 ogres
  6 wolves
  12 crocodiles
  A big kobold (D:10)
  22 bullfrogs
  5 earth elementals
  A scorpion (D:12)
  A water moccasin skeleton (D:6)
  16 wights
  34 killer bees
  4 electric eels
  A vampire bat (Lair:6)
  8 crimson imps
  3 bullfrog zombies
  3 centaur zombies
  8 hounds
  2 jellies
  2 quasits
  35 orc priests
  2 bullfrog skeletons
  31 orc wizards
  Natasha (D:2)
  18 worker ants
  4 hell rats (Lair:3)
  4 gnolls (Orc:1)
  A river rat (D:6)
  20 adders
  5 shadow imps
  2 oozes
  3 dart slugs
  5 leopard geckos
  109 orcs
  14 giant cockroaches
  8 goblins
  4 hobgoblins
  7 jackals
  4 quokkas
  4 ball pythons
  14 bats
  4 frilled lizards (Sewer)
  7 kobolds
  A quokka skeleton (D:9)
  17 rats
  3 plants (Lair:6)
1055 creatures vanquished.

Vanquished Creatures (others)
  A yak (Lair:5)
  A naga (Snake:1)
  A centaur (D:15)
  6 fungi
  8 plants (Lair:6)
17 creatures vanquished.

Grand Total: 1072 creatures vanquished

Notes
Turn   | Place    | Note
-------+----------+-------------------------------------------
     0 | D:1      | wazuzu the Minotaur Gladiator began the quest for the Orb.
     0 | D:1      | Reached XP level 1. HP: 18/18 MP: 0/0
    99 | D:1      | Reached XP level 2. HP: 22/25 MP: 1/1
   748 | D:1      | Reached skill level 5 in Staves
  1044 | D:1      | Reached XP level 3. HP: 27/30 MP: 2/2
  1197 | D:2      | Found a radiant altar of Vehumet.
  1206 | D:2      | Found a sacrificial altar of Ru.
  1210 | D:2      | Found a shadowy altar of Dithmenos.
  1788 | D:2      | Noticed Natasha
  1795 | D:2      | Killed Natasha
  1795 | D:2      | Reached XP level 4. HP: 18/37 MP: 3/3
  2439 | D:3      | Reached XP level 5. HP: 40/42 MP: 4/4
  2806 | D:3      | Found a blossoming altar of Fedhas.
  3380 | D:4      | Reached XP level 6. HP: 48/50 MP: 5/5
  3892 | D:5      | Entered Level 5 of the Dungeon
  3894 | D:5      | Noticed psellion's ghost (novice CeHu)
  4211 | D:5      | Reached XP level 7. HP: 37/56 MP: 6/6
  4247 | D:5      | Killed psellion's ghost
  4247 | D:5      | Reached skill level 10 in Staves
  4531 | D:5      | Found an opulent altar of Gozag.
  4992 | D:6      | Reached XP level 8. HP: 53/62 MP: 7/7
  5118 | D:6      | Found a hide-covered altar of Uskayaw.
  5290 | D:6      | Found a glowing drain.
  5302 | Sewer    | Entered a sewer
  6025 | D:7      | Got a faintly glowing trident
  6026 | D:7      | Identified the +7 trident of Autumn {pierce, Dex+8} (You found it on level 7 of the Dungeon)
  6192 | D:6      | Found an opulent altar of Gozag.
  6250 | D:7      | Found a staircase to the Ecumenical Temple.
  6269 | Temple   | Entered the Ecumenical Temple
  6377 | Temple   | Became a worshipper of Ashenzari the Shackled
  6463 | D:7      | Reached XP level 9. HP: 37/68 MP: 8/8
  6687 | D:8      | Reached skill level 1 in Armour
  6703 | D:8      | Identified the ring of Nikh {rC++ Dex+4 Stlth+}
  6717 | D:8      | Reached skill level 3 in Fighting
  6725 | D:8      | Gained mutation: You passively map a small area around you. [mutagenic meat]
  6726 | D:8      | Gained mutation: You are frail. (-10% HP) [mutagenic meat]
  6727 | D:8      | Gained mutation: Your movements are slightly less encumbered by armour. (ER -2) [mutagenic meat]
  6728 | D:8      | Gained mutation: You are partially covered in molten scales. (AC +2) [mutagenic meat]
  6729 | D:8      | Gained mutation: You are partially covered in thin metallic scales. (AC +2) [mutagenic meat]
  6730 | D:8      | Gained mutation: You have a pair of large horns on your head. [mutagenic meat]
  6968 | D:8      | Reached skill level 4 in Fighting
  6986 | D:8      | Reached skill level 5 in Dodging
  6997 | D:8      | Reached skill level 5 in Fighting
  6999 | D:8      | Reached skill level 5 in Armour
  7465 | D:8      | Reached skill level 6 in Fighting
  7465 | D:8      | Reached XP level 10. HP: 70/74 MP: 9/9
  7610 | D:9      | Noticed Joseph
  7625 | D:9      | Found a staircase to the Orcish Mines.
  7639 | D:9      | Killed Joseph
  7740 | D:9      | Noticed Grum
  7782 | D:9      | Killed Grum
  7803 | D:9      | Reached skill level 7 in Fighting
  8086 | D:9      | Gained mutation: Your spells are a little harder to cast, but a little more powerful. [mutagenic meat]
  8087 | D:9      | Gained mutation: You possess an exceptional clarity of mind. [mutagenic meat]
  8088 | D:9      | Gained mutation: You are agile. (Dex +2) [mutagenic meat]
  8183 | D:9      | Found a staircase to the Lair.
  8227 | D:9      | Reached * piety under Ashenzari
  8245 | D:9      | Reached skill level 8 in Fighting
  8337 | D:9      | Noticed Erolcha
  8349 | D:9      | Killed Erolcha
  8642 | D:10     | Entered Level 10 of the Dungeon
  8721 | D:10     | Reached XP level 11. HP: 68/85 MP: 10/10
  8899 | D:10     | Reached skill level 9 in Fighting
  9237 | D:10     | Noticed a two-headed ogre
  9242 | D:10     | Killed a two-headed ogre
  9645 | D:11     | Noticed a red ugly thing
  9669 | D:11     | Killed a red ugly thing
  9798 | D:11     | Reached skill level 10 in Fighting
  9807 | D:11     | Reached ** piety under Ashenzari
  9809 | D:11     | Noticed a red ugly thing
  9815 | D:11     | Killed a red ugly thing
  9826 | D:11     | Lost mutation: You possess an exceptional clarity of mind. [mutagenic meat]
 10111 | D:12     | Found a shattered altar of Ashenzari.
 10117 | D:12     | Noticed a rakshasa
 10207 | Lair:1   | Entered Level 1 of the Lair of Beasts
 10237 | Lair:1   | Found a frozen archway.
 10254 | Lair:1   | Reached skill level 10 in Dodging
 10261 | IceCv    | Entered an ice cave
 10271 | IceCv    | Reached skill level 10 in Armour
 10306 | IceCv    | Noticed a white ugly thing
 10322 | IceCv    | Killed a white ugly thing
 10338 | IceCv    | Learned a level 3 spell: Regeneration
 10342 | IceCv    | Learned a level 3 spell: Spectral Weapon
 10383 | IceCv    | Noticed a white ugly thing
 10393 | IceCv    | Reached skill level 11 in Fighting
 10403 | IceCv    | Killed a white ugly thing
 10500 | Lair:1   | Reached XP level 12. HP: 99/99 MP: 11/11
 11377 | Lair:1   | Reached skill level 1 in Evocations
 11728 | Lair:2   | Reached *** piety under Ashenzari
 11731 | Lair:2   | Found a staircase to the Snake Pit.
 11758 | Lair:2   | Reached skill level 5 in Evocations
 12147 | Lair:2   | Reached XP level 13. HP: 105/105 MP: 17/17
 12799 | Lair:3   | Found a staircase to the Shoals.
 13050 | Lair:3   | Reached **** piety under Ashenzari
 14103 | Lair:4   | Found a stormy altar of Qazlal.
 14395 | Lair:4   | Reached skill level 10 in Evocations
 14666 | Lair:4   | Reached ***** piety under Ashenzari
 14863 | Lair:5   | Reached skill level 12 in Fighting
 15246 | Lair:5   | Noticed a fire dragon
 15264 | Lair:5   | Found a staircase to the Slime Pits.
 15351 | Lair:5   | Killed a fire dragon
 15939 | Lair:5   | Noticed a fire dragon
 15953 | Lair:5   | Killed a fire dragon
 16232 | Lair:6   | Entered Level 6 of the Lair of Beasts
 16592 | Lair:6   | Reached XP level 14. HP: 114/114 MP: 20/20
 16617 | Lair:6   | Reached skill level 13 in Fighting
 17268 | Lair:6   | Identified the ring "Musteydweo" {rElec rPois rF- MR+}
 18044 | Orc:1    | Entered Level 1 of the Orcish Mines
 18044 | Orc:1    | Noticed Harold
 18056 | Orc:1    | Killed Harold
 18084 | Orc:1    | Found Qeuphis's Antique Weapon Shoppe.
 18501 | Orc:1    | Noticed an orc warlord
 18661 | Orc:1    | Reached skill level 1 in Charms
 18714 | Orc:1    | Reached skill level 1 in Hexes
 18929 | Orc:1    | Killed an orc warlord
 18940 | Orc:1    | Found a roughly hewn altar of Beogh.
 19293 | Orc:2    | Entered Level 2 of the Orcish Mines
 19305 | Orc:2    | Found Soumu's Armour Shop.
 19419 | Orc:2    | Noticed a stone giant
 19457 | Orc:2    | Killed a stone giant
 19926 | Orc:2    | Reached ****** piety under Ashenzari
 19933 | Orc:2    | Noticed an orc warlord
 20077 | Orc:2    | Found Panwon's Antique Armour Shop.
 20077 | Orc:2    | Found Yskaf's Assorted Antiques.
 20094 | Orc:2    | Reached XP level 15. HP: 118/123 MP: 21/21
 20111 | Orc:2    | Found Geluzav's Distillery.
 20128 | Orc:2    | Found Fuim's General Store.
 20196 | Orc:1    | Killed an orc warlord
 20515 | Orc:2    | Found a staircase to the Elven Halls.
 20518 | Orc:2    | Bought a bubbling pink potion for 25 gold pieces
 20524 | Orc:2    | Bought a potion of mutation for 37 gold pieces
 20564 | Orc:2    | Bought a potion of haste for 110 gold pieces
 20598 | Orc:2    | Found a roughly hewn altar of Beogh.
 20702 | Orc:2    | Found Amunota's Assorted Antiques.
 20772 | Orc:2    | Found Lugit's Magic Scroll Shop.
 20779 | Orc:2    | Bought a scroll of enchant armour for 97 gold pieces
 20779 | Orc:2    | Bought a scroll of enchant weapon for 97 gold pieces
 21244 | Orc:1    | Reached skill level 5 in Charms
 21629 | D:12     | Reached skill level 5 in Hexes
 21697 | D:12     | Found a portal to a secret trove of treasure.
 21901 | D:12     | Noticed Psyche
 21901 | D:12     | Killed Psyche
 21912 | D:12     | Reached skill level 14 in Fighting
 22145 | D:12     | Gained mutation: You possess an exceptional clarity of mind. [potion of mutation]
 22145 | D:12     | Gained mutation: You evolve. [potion of mutation]
 22334 | D:13     | Found a labyrinth entrance.
 22369 | Lab      | Entered a labyrinth
 22371 | Lab      | Gained mutation: Your mind is acute. (Int +2) [mutagenic meat]
 22372 | Lab      | Lost mutation: You are frail. (-10% HP) [mutagenic meat]
 22373 | Lab      | Lost mutation: Your spells are a little harder to cast, but a little more powerful. [mutagenic meat]
 22841 | Lab      | Got the uncursed ring mail "Oturay" {Dex+6}
 22845 | Lab      | Identified Sif Muna's Incunabulum of Assistive Hexes
 22858 | Lab      | Learned a level 2 spell: Repel Missiles
 22860 | Lab      | Identified the +5 glaive of Qops {freeze, rC+} (You found it in a labyrinth)
 22862 | Lab      | Identified the +2 ring mail "Oturay" {Dex+6} (You took it off a minotaur in a labyrinth)
 23156 | D:13     | Reached skill level 1 in Air Magic
 23508 | D:13     | Lost mutation: You evolve. [evolution]
 23509 | D:13     | Gained mutation: You are resistant to hostile enchantments. (MR+) [potion of beneficial mutation]
 23623 | D:14     | Found a gate to the Vaults.
 23625 | D:14     | Noticed Nessos
 23631 | D:14     | Killed Nessos
 23758 | D:14     | Gained mutation: You passively map the area around you. [potion of mutation]
 23758 | D:14     | Gained mutation: Your spells are a little harder to cast, but a little more powerful. [potion of mutation]
 23856 | D:14     | Lost mutation: Your spells are a little harder to cast, but a little more powerful. [mutagenic meat]
 23857 | D:14     | Lost mutation: You are agile. (Dex +2) [mutagenic meat]
 23930 | D:14     | Found Makoh's Blasphemy Boutique.
 23930 | D:14     | Found a corrupted altar of Lugonu.
 24477 | D:14     | Reached XP level 16. HP: 144/147 MP: 22/22
 24541 | D:14     | Learned a level 3 spell: Lesser Beckoning
 24546 | D:14     | Learned a level 4 spell: Passage of Golubria
 24654 | D:15     | Entered Level 15 of the Dungeon
 24654 | D:15     | Noticed Azrael
 24690 | D:15     | Noticed Louise
 24708 | D:15     | Killed Louise
 24743 | D:15     | Killed Azrael
 25003 | D:15     | Reached skill level 15 in Fighting
 25011 | D:15     | Found a staircase to the Depths.
 25044 | D:15     | Identified the +9 rapier "Sogur" {venom, rN+ MR- Int+8 Dex-2} (You took it off a centaur warrior on level 15 of the Dungeon)
 25067 | D:15     | Noticed Sonja
 25076 | D:15     | Killed Sonja
 25306 | D:15     | Reached skill level 5 in Air Magic
 25850 | Elf:1    | Entered Level 1 of the Elven Halls
 26072 | Elf:1    | Reached skill level 1 in Translocations
 26083 | Elf:1    | Reached skill level 15 in Armour
 26096 | Elf:1    | Reached skill level 1 in Necromancy
 26455 | Elf:1    | Identified Sif Muna's Grimoire of Summoning
 26724 | Elf:1    | Found a deep blue altar of Sif Muna.
 27106 | Elf:1    | Found a deep blue altar of Sif Muna.
 27211 | Elf:1    | Identified the amulet of Temptation {RegenMP rF+} (You took it off a vampire mage on level 1 of the Elven Halls)
 27455 | Elf:1    | Noticed a Tzitzimitl
 27457 | Elf:1    | Noticed an Ice Fiend
 27564 | Elf:1    | Reached skill level 15 in Dodging
 27934 | Elf:2    | Found a runed gate.
 28051 | Elf:2    | Found a runed gate.
 28052 | Elf:2    | Found a runed gate.
 28072 | Elf:2    | Reached XP level 17. HP: 156/156 MP: 23/23
 28215 | Elf:2    | Noticed a Hell Sentinel
 28685 | Snake:1  | Entered Level 1 of the Snake Pit
 28804 | Snake:1  | Reached skill level 16 in Fighting
 29747 | Snake:1  | Found a shadowy altar of Dithmenos.
 30359 | Snake:1  | Found a runed door.
 31207 | Snake:1  | Reached skill level 1 in Polearms
 31471 | Snake:2  | Reached skill level 5 in Polearms
 32195 | Snake:1  | HP: 4/158 [anaconda (12)]
 32195 | Snake:1  | Slain by a mana viper

Vault maps used:
D:1:      dpeg_arrival_subterranean_lakeside_camping
D:2:      minitemple, uniq_natasha
D:3:      fedhas_altar_4
D:4:      first_bread
D:5:      nicolae_gozag_seed_capital
D:6:      lemuel_upstairs_altar, portal_sewer_entry_e, basic_altar
D:7:      minmay_temple_entry_hall
D:9:      erik_lair_orcish_takeover, david_orc_2, uniq_joseph, uniq_erolcha,
          uniq_grum
D:12:     basic_altar, enter_trove_1, uniq_psyche
D:13:     lab_entry_generic
D:14:     david_vaults_2, hangedman_fish_farm, nicolae_evil_shop, uniq_nessos
D:15:     grunt_enter_depths_snipers, uniq_sonja, uniq_azrael, uniq_louise
Temple:   dpeg_five_rooms_temple
Lair:1:   portal_ice_cave_rime, beast_lair_carwin_9, grunt_megastairs_2,
          serial_bayou_shore_b
Lair:2:   minmay_snake_entry_six_corridors, grunt_megastairs_3
Lair:3:   minmay_shoals_entry_beasts, nicolae_quartered_pool_medium,
          minivault_23, hangedman_lair_generics_rect
Lair:4:   basic_altar, serial_bayou_pond_d, st_stairs_12, minmay_hedge_maze
Lair:5:   dragon1_lemuel, minmay_slime_entry_oklob_open,
          bobbens_dragon_lair_wall
Lair:6:   due_jungle_book, roderic_batcave, wad_woods_river_01
Snake:1:  cheibrodos_toxic_ritual, basic_altar, spider_trap,
          nicolae_snake_squiggles
Orc:1:    orc_temple, serial_shops, shop_statue, uniq_harold
Orc:2:    st_orc_open, serial_shops, shop, shop, shop, nicolae_orc_lost_temple
Elf:1:    basic_altar, minmay_elf_demonology, hangedman_summoners_spam
Elf:2:    serial_shops, shop_fountains
Lab:      labyrinth_watery, lab_hedge, nicolae_lab_t_cross,
          labyrinth_skeletal_remains
Sewer:    sewer_frog_island_01
IceCv:    ice_cave_statue_garden_chambered

Skill      XL: |  1  2  3  4  5  6  7  8  9 10 11 12 13 14 15 16 17 |
---------------+----------------------------------------------------+-----
Staves         | 4 5 6 8 9 11 13 14 11 | 11.7
Armour         | 5 8 10 11 12 13 14 15 | 15.9
Fighting       | 6 8 11 12 13 14 15 16 | 16.2
Dodging        | 6 8 10 11 12 13 14 15 | 15.4
Evocations     | 7 10 | 10.0
Charms         | 4 5 |  5.0
Hexes          | 4 5 |  5.2
Air Magic      | 3 5 |  5.0
Translocations | 2 4 |  4.1
Necromancy     | 2 3 |  3.8
Polearms       | 9 |  9.9
Throwing       | |  2.0

Action                   |  1- 3 |  4- 6 |  7- 9 | 10-12 | 13-15 | 16-18 || total
-------------------------+-------+-------+-------+-------+-------+-------++-------
Melee: Quarterstaff      |    71 |   103 |   259 |   734 |  1426 |   957 ||  3550
       Headbutt          |    11 |    18 |    46 |   211 |   500 |   285 ||  1071
       Trident           |       |       |    32 |       |       |       ||    32
Invok: Curse Item        |       |       |     2 |     1 |       |     1 ||     4
       Transfer Knowledg |       |       |       |       |       |     1 ||     1
Evoke: Wand              |       |       |       |       |    21 |     4 ||    25
       Sack of spiders   |       |       |       |       |       |     2 ||     2
  Use: Scroll            |       |     7 |    13 |    12 |     8 |     8 ||    48
       Potion            |       |       |     2 |     2 |    14 |    10 ||    28
 Stab: Invisible         |       |       |     1 |       |     8 |       ||     9
       Sleeping          |       |       |       |     6 |       |       ||     6
  Eat: Chunk             |     3 |     6 |    16 |    23 |    45 |    11 ||   104
       Fruit             |       |     1 |       |       |     2 |       ||     3
       Bread ration      |       |       |       |       |     1 |     4 ||     5
Armor: Leather armour    |    19 |     7 |       |       |       |       ||    26
       Ring mail         |       |    14 |    88 |   128 |       |       ||   230
       Skin              |       |       |    24 |       |       |       ||    24
       Chain mail        |       |       |       |   112 |   494 |   293 ||   899
Dodge: Dodged            |    44 |    65 |   129 |   456 |  1036 |   625 ||  2355
